Workbook

Sheet SiopeAllegatoB
A2: Esportazione Mandati x SIOPE
A3: Numero Mandato | B3: Data Mandato | C3: Creditore | D3: Causale Mandato | E3: Provvedimento Impegno | F3: Area Gestione | G3: Codice CIG | H3: Codice Siope | I3: Descrizione Siope | J3: Importo Mandato | K3: Consip/Mepa | L3: di cui Acquisto Consip/Mepa

Sheet Fatture
A1: Comune di DEMO
A3: D.L. 66 / 2014 - Tempestività dei Pagamenti - Elenco Fatture Pagate
AA4: Numero Giorni Pagamento Standard (D) | AH4: 30
A5: Registrazione | D5: Documento | I5: Protocollo | L5: Creditore | O5: Area Gestione | Q5: Capitolo di Bilancio | U5: Impegno | X5: Liquidazione | Y5: Mandato | AA5: Estremi Calcolo D.L. 66/2014
A6: Anno | B6: Progr. | C6: Data (A) | D6: Numero | E6: Data | F6: Descrizione | G6: Importo | H6: CIG | I6: Anno | J6: Numero | K6: Data (B) | L6: Ragione Sociale | M6: Partita IVA | N6: Codice Fiscale | O6: Codice | P6: Descrizione | Q6: Codice | R6: Voce | S6: Capitolo | T6: Articolo | U6: Anno | V6: Numero | W6: Sub | X6: Data | Y6: Numero | Z6: Data (C) | AA6: Ricezione (E=B o A) | AB6: Pagamento (C) | AC6: Diff. (F=C-E) | AD6: (D) | AE6: Gg. Pag. (G) | AF6: H=G o D | AG6: Ritardi x Responsabilità Creditore | AH6: Differenza

Sheet Mandati
A3: D.L. 66 / 2014 - Tempestività dei Pagamenti - Elenco Mandati senza Fatture
K5: Numero Giorni Pagamento Standard (D) | R5: 30
A6: Numero Mandato | B6: Data Mandato | C6: Creditore | D6: Causale Mandato | E6: Provvedimento Impegno | F6: Area Gestione | G6: Codice CIG | H6: Codice Siope | I6: Descrizione Siope | J6: Importo Mandato | K6: Ricezione (A) | L6: Pagamento (B) | M6: Diff. (C=A-B) | N6: (D) | O6: Gg. Pag. (E) | P6: F=E o D | Q6: Ritardi x Responsabilità Creditore | R6: Differenza

Sheet FattureTempi
A1: Comune di Chamois
A3: Tempestività dei Pagamenti - Elenco Fatture Pagate - Periodo 01/10/2025 - 31/12/2025
A5: Registrazione | D5: Documento | L5: Protocollo | O5: Creditore | R5: Area Gestione | T5: Capitolo di Bilancio | X5: Impegno | AA5: Liquidazione | AB5: Mandato | AD5: Calcolo
A6: Anno | B6: Progr. | C6: Data (A) | D6: Numero | E6: Data | F6: Descrizione | G6: Importo Fattura | H6: IVA | I6: Scissione Pagamenti | J6: Importo Dovuto | K6: CIG | L6: Anno | M6: Numero | N6: Data (B) | O6: Ragione Sociale | P6: Partita IVA | Q6: Codice Fiscale | R6: Codice | S6: Descrizione | T6: Codice | U6: Voce | V6: Capitolo | W6: Articolo | X6: Anno | Y6: Numero | Z6: Sub | AA6: Data | AB6: Numero | AC6: Data (C) | AD6: Data Scadenza (A) | AE6: Data Pagamento (B) | AF6: Differenza giorni (C=B-A) | AG6: Importo Fattura (D) | AH6: Indicatore Fattura (E=C X D) | AI6: ESCLUDI DAL CALCOLO
A7: 2025 | B7: 107 | C7: 45805 | D7: 2025033106 | E7: 45790 | F7: DELIB.ARG/elt 74/08-ART.6.1 lett.c SCAMBIO SUL POSTO SSP01294899 | G7: 36.6 | H7: 6.6 | I7: SI | J7: =IF(I7="SI",G7-H7,G7) -> 30 | L7: 2025 | M7: 2225 | N7: 45792 | O7: GSE SPA - Gestore dei Servizi Energetici S.p.A. | P7: 05754381001 | Q7: 05754381001 | R7: 1 | S7: Amministrativa/Finanziaria | T7: 1000202 | U7: 10202 | V7: 10202 | W7: 29 | X7: 2025 | Y7: 125 | Z7: 0 | AB7: 533 | AC7: 45945 | AD7: 45822 | AE7: 45950 | AF7: =AE7-AD7 -> 128 | AG7: =IF(AI7="SI",0,J7) -> 30 | AH7: =AG7*AF7 -> 3840 | AI7: NO
A8: 2025 | B8: 108 | C8: 45805 | D8: 2025033644 | E8: 45800 | F8: DELIB.ARG/elt 74/08-ART.6.1 lett.c SCAMBIO SUL POSTO SSP01294899 | G8: 36.6 | H8: 6.6 | I8: SI | J8: =IF(I8="SI",G8-H8,G8) -> 30 | L8: 2025 | M8: 2323 | N8: 45800 | O8: GSE SPA - Gestore dei Servizi Energetici S.p.A. | P8: 05754381001 | Q8: 05754381001 | R8: 1 | S8: Amministrativa/Finanziaria | T8: 1000202 | U8: 10202 | V8: 10202 | W8: 29 | X8: 2025 | Y8: 125 | Z8: 0 | AB8: 533 | AC8: 45945 | AD8: 45830 | AE8: 45950 | AF8: =AE8-AD8 -> 120 | AG8: =IF(AI8="SI",0,J8) -> 30 | AH8: =AG8*AF8 -> 3600 | AI8: NO
A9: 2025 | B9: 173 | C9: 45877 | D9: P-400150 | E9: 45869 | F9: REDAZIONALE TESTATE ONLINE - CIRCUITO PRIMA.IT A LUGLIO - VALLEE NOTIZIE - FACEBOOK + AOSTA SERA | G9: 2135 | H9: 385 | I9: SI | J9: =IF(I9="SI",G9-H9,G9) -> 1750 | K9: B796DF63F3 | L9: 2025 | M9: 3890 | N9: 45871 | O9: NETWEEK ADV SRL | P9: 03626630044 | Q9: 03626630044 | R9: 1 | S9: Amministrativa/Finanziaria | T9: 1000202 | U9: 10202 | V9: 10202 | W9: 28 | X9: 2025 | Y9: 165 | Z9: 0 | AB9: 459 | AC9: 45898 | AD9: 45901 | AE9: 45943 | AF9: =AE9-AD9 -> 42 | AG9: =IF(AI9="SI",0,J9) -> 1750 | AH9: =AG9*AF9 -> 73500 | AI9: NO
A10: 2025 | B10: 194 | C10: 45919 | D10: FE000120250003092597 | E10: 45917 | F10: FE000120250000000003092597B/BOLLETTAZIONE MASSIVA Fornitura di energia elettrica | G10: 602.19 | H10: 108.59 | I10: SI | J10: =IF(I10="SI",G10-H10,G10) -> 493.6 | K10: B521B71C55 | L10: 2025 | M10: 4625 | N10: 45918 | O10: AGSM AIM Energia S.p.A. | P10: 02968430237 | R10: 1 | S10: Amministrativa/Finanziaria | T10: 1000202 | U10: 10202 | V10: 10202 | W10: 29 | X10: 2025 | Y10: 281 | Z10: 0 | AB10: 518 | AC10: 45938 | AD10: 45948 | AE10: 45943 | AF10: =AE10-AD10 -> -5 | AG10: =IF(AI10="SI",0,J10) -> 493.6 | AH10: =AG10*AF10 -> -2468 | AI10: NO
A11: 2025 | B11: 195 | C11: 45919 | D11: 20250015 | E11: 45910 | F11: Fornitura oggettistica della tradizione valdostana di lavorazione del legno | G11: 185 | H11: 0 | I11: NO | J11: =IF(I11="SI",G11-H11,G11) -> 185 | K11: B796F6FB0D | L11: 2025 | M11: 4485 | N11: 45910 | O11: COQUILLARD Dario D.I. | P11: 01023600073 | Q11: CQLDRA62P01A326C | R11: 1 | S11: Amministrativa/Finanziaria | T11: 1000102 | U11: 10102 | V11: 10102 | W11: 1 | X11: 2025 | Y11: 168 | Z11: 0 | AB11: 524 | AC11: 45938 | AD11: 45940 | AE11: 45943 | AF11: =AE11-AD11 -> 3 | AG11: =IF(AI11="SI",0,J11) -> 185 | AH11: =AG11*AF11 -> 555 | AI11: NO
A12: 2025 | B12: 196 | C12: 45919 | D12: 900200/25PA | E12: 45908 | F12: Contratto telefonia da Gennaio 2025 a Dicembre 2025 | G12: 363.32 | H12: 65.52 | I12: SI | J12: =IF(I12="SI",G12-H12,G12) -> 297.8 | K12: ZCC3D967E7 | L12: 2025 | M12: 4534 | N12: 45912 | O12: Telecomunicazioni Digitali FASTALP srl | P12: 01079120075 | Q12: 01079120075 | R12: 1 | S12: Amministrativa/Finanziaria | T12: 1000202 | U12: 10202 | V12: 10202 | W12: 29 | X12: 2025 | Y12: 317 | Z12: 0 | AB12: 520 | AC12: 45938 | AD12: 45942 | AE12: 45943 | AF12: =AE12-AD12 -> 1 | AG12: =IF(AI12="SI",0,J12) -> 297.8 | AH12: =AG12*AF12 -> 297.8 | AI12: NO
A13: 2025 | B13: 197 | C13: 45919 | D13: 900211/25PA | E13: 45908 | G13: 511.59 | H13: 92.25 | I13: SI | J13: =IF(I13="SI",G13-H13,G13) -> 419.34 | K13: B5355575DC | L13: 2025 | M13: 4519 | N13: 45912 | O13: Telecomunicazioni Digitali FASTALP srl | P13: 01079120075 | Q13: 01079120075 | R13: 1 | S13: Amministrativa/Finanziaria | T13: 1000202 | U13: 10202 | V13: 10202 | W13: 27 | X13: 2025 | Y13: 294 | Z13: 0 | AB13: 521 | AC13: 45938 | AD13: 45942 | AE13: 45943 | AF13: =AE13-AD13 -> 1 | AG13: =IF(AI13="SI",0,J13) -> 419.34 | AH13: =AG13*AF13 -> 419.34 | AI13: NO
A14: 2025 | B14: 198 | C14: 45919 | D14: FE000120250003100959 | E14: 45917 | F14: FE000120250000000003100959B/BOLLETTAZIONE MASSIVA Fornitura di energia elettrica | G14: 426.39 | H14: 76.89 | I14: SI | J14: =IF(I14="SI",G14-H14,G14) -> 349.5 | K14: B521B71C55 | L14: 2025 | M14: 4627 | N14: 45918 | O14: AGSM AIM Energia S.p.A. | P14: 02968430237 | R14: 1 | S14: Amministrativa/Finanziaria | T14: 1000202 | U14: 10202 | V14: 10202 | W14: 20 | X14: 2025 | Y14: 279 | Z14: 0 | AB14: 525 | AC14: 45938 | AD14: 45948 | AE14: 45943 | AF14: =AE14-AD14 -> -5 | AG14: =IF(AI14="SI",0,J14) -> 349.5 | AH14: =AG14*AF14 -> -1747.5 | AI14: NO
A15: 2025 | B15: 199 | C15: 45919 | D15: 941/007 | E15: 45900 | F15: PUBBLICITA | G15: 305 | H15: 55 | I15: SI | J15: =IF(I15="SI",G15-H15,G15) -> 250 | K15: B796F06469 | L15: 2025 | M15: 4516 | N15: 45911 | O15: LG PRESSE SRL | P15: 01141020071 | Q15: 01141020071 | R15: 1 | S15: Amministrativa/Finanziaria | T15: 1000202 | U15: 10202 | V15: 10202 | W15: 28 | X15: 2025 | Y15: 167 | Z15: 0 | AB15: 519 | AC15: 45938 | AD15: 45941 | AE15: 45943 | AF15: =AE15-AD15 -> 2 | AG15: =IF(AI15="SI",0,J15) -> 250 | AH15: =AG15*AF15 -> 500 | AI15: NO
A16: 2025 | B16: 200 | C16: 45919 | D16: 2025-1096105 | E16: 45900 | F16: FCM - FATTURA CLIENTI SCISSIONE DEI PAGAMENTI ai sensi dell'art.17-ter del Dpr 633/1972 Premio INAIL gia' incluso negli oneri Retributivi e Previdenziali. 8.17 euro | G16: 2697.85 | H16: 72.21 | I16: SI | J16: =IF(I16="SI",G16-H16,G16) -> 2625.64 | K16: B6398105D6 | L16: 2025 | M16: 4486 | N16: 45911 | O16: MANPOWER SRL | P16: 11947650153 | Q16: 11947650153 | R16: 1 | S16: Amministrativa/Finanziaria | T16: 1000202 | U16: 10202 | V16: 10202 | W16: 36 | X16: 2025 | Y16: 83 | Z16: 0 | AB16: 522 | AC16: 45938 | AD16: 45941 | AE16: 45943 | AF16: =AE16-AD16 -> 2 | AG16: =IF(AI16="SI",0,J16) -> 2625.64 | AH16: =AG16*AF16 -> 5251.28 | AI16: NO
A17: 2025 | B17: 201 | C17: 45919 | D17: 118/2025/FE | E17: 45910 | F17: Trib. AO Proc. Pen. imputato Sindaco Lorenzo PUCCI - RGNR 1296/22 - saldo | G17: 2539.22 | H17: 453.22 | I17: NO | J17: =IF(I17="SI",G17-H17,G17) -> 2539.22 | K17: ZBC3ABEC72 | L17: 2025 | M17: 4517 | N17: 45911 | O17: STUDIO LEGALE ASSOCIATO DUJANY - FANTINI - FAVRE - FOGNIER | P17: 00441380078 | R17: 1 | S17: Amministrativa/Finanziaria | T17: 1000202 | U17: 10202 | V17: 10202 | W17: 2 | X17: 2023 | Y17: 141 | Z17: 0 | AA17: 45952 | AB17: 541 | AC17: 45952 | AD17: 45941 | AE17: 45952 | AF17: =AE17-AD17 -> 11 | AG17: =IF(AI17="SI",0,J17) -> 2539.22 | AH17: =AG17*AF17 -> 27931.42 | AI17: NO
A18: 2025 | B18: 202 | C18: 45919 | D18: 206/001 | E18: 45911 | F18: N° 30 MANIFESTI CANDIDATI ELEZIONI F.TO 50X70 - STAMPA A 4 COLORI + N° 20 MANIFESTI PROCLAMAZIONE ELETTI F.TO 50X70 STAMPA A 1 COLORE - TIPOLITOGRAFIA DALLOU | G18: 158.6 | H18: 28.6 | I18: SI | J18: =IF(I18="SI",G18-H18,G18) -> 130 | K18: B81E11A874 | L18: 2025 | M18: 4533 | N18: 45912 | O18: TIPOLITOGRAFIA DALLOU di DALLOU Alberto | P18: 01004720072 | Q18: DLLLRT63P12A326H | R18: 1 | S18: Amministrativa/Finanziaria | T18: 1000202 | U18: 10202 | V18: 10202 | W18: 2 | X18: 2025 | Y18: 191 | Z18: 0 | AB18: 523 | AC18: 45938 | AD18: 45942 | AE18: 45943 | AF18: =AE18-AD18 -> 1 | AG18: =IF(AI18="SI",0,J18) -> 130 | AH18: =AG18*AF18 -> 130 | AI18: NO
A19: 2025 | B19: 203 | C19: 45938 | D19: 0002104758 | E19: 45930 | F19: FATT. IVA SPLIT P. | G19: 91.5 | H19: 16.5 | I19: SI | J19: =IF(I19="SI",G19-H19,G19) -> 75 | K19: Z493CEA7B7 | L19: 2025 | M19: 4857 | N19: 45932 | O19: MAGGIOLI TRIBUTI - M.T SpA | P19: 02638260402 | Q19: 06907290156 | R19: 1 | S19: Amministrativa/Finanziaria | T19: 1000202 | U19: 10202 | V19: 10202 | W19: 2 | X19: 2025 | Y19: 288 | Z19: 0 | AB19: 537 | AC19: 45945 | AD19: 45962 | AE19: 45950 | AF19: =AE19-AD19 -> -12 | AG19: =IF(AI19="SI",0,J19) -> 75 | AH19: =AG19*AF19 -> -900 | AI19: NO
A20: 2025 | B20: 204 | C20: 45938 | D20: 128 | E20: 45931 | G20: 1754.97 | H20: 0 | I20: NO | J20: =IF(I20="SI",G20-H20,G20) -> 1754.97 | K20: B411EAE625 | L20: 2025 | M20: 4834 | N20: 45931 | O20: STUDIO CAMPINI ASSOCIATI | P20: 01033500073 | Q20: 01033500073 | R20: 1 | S20: Amministrativa/Finanziaria | T20: 1000202 | U20: 10202 | V20: 10202 | W20: 2 | X20: 2025 | Y20: 355 | Z20: 0 | AA20: 45952 | AB20: 551 | AC20: 45952 | AD20: 45961 | AE20: 45954 | AF20: =AE20-AD20 -> -7 | AG20: =IF(AI20="SI",0,J20) -> 1754.97 | AH20: =AG20*AF20 -> -12284.79 | AI20: NO
A21: 2025 | B21: 205 | C21: 45938 | D21: 246/001 | E21: 45937 | F21: N° 30 MANIFESTI CANDIDATI ELEZIONI F.TO 50X70 - STAMPA A 4 COLORI + N° 20 MANIFESTI PROCLAMAZIONE ELETTI F.TO 50X70 STAMPA A 1 COLORE - TIPOLITOGRAFIA DALLOU | G21: 85.4 | H21: 15.4 | I21: SI | J21: =IF(I21="SI",G21-H21,G21) -> 70 | K21: B81E11A874 | L21: 2025 | M21: 4936 | N21: 45937 | O21: TIPOLITOGRAFIA DALLOU di DALLOU Alberto | P21: 01004720072 | Q21: DLLLRT63P12A326H | R21: 1 | S21: Amministrativa/Finanziaria | T21: 1000202 | U21: 10202 | V21: 10202 | W21: 2 | X21: 2025 | Y21: 191 | Z21: 0 | AB21: 536 | AC21: 45945 | AD21: 45967 | AE21: 45950 | AF21: =AE21-AD21 -> -17 | AG21: =IF(AI21="SI",0,J21) -> 70 | AH21: =AG21*AF21 -> -1190 | AI21: NO
A22: 2025 | B22: 206 | C22: 45938 | D22: 63 | E22: 45928 | G22: 1098 | H22: 0 | I22: NO | J22: =IF(I22="SI",G22-H22,G22) -> 1098 | K22: B7814A8F99 | L22: 2025 | M22: 4785 | N22: 45928 | O22: ROY PRODUZIONI diR. Tircoli | P22: 01042330074 | Q22: TRCRGR74D04A326Q | R22: 1 | S22: Amministrativa/Finanziaria | T22: 1000202 | U22: 10202 | V22: 10202 | W22: 27 | X22: 2025 | Y22: 143 | Z22: 0 | AA22: 45952 | AB22: 554 | AC22: 45952 | AD22: 45958 | AE22: 45954 | AF22: =AE22-AD22 -> -4 | AG22: =IF(AI22="SI",0,J22) -> 1098 | AH22: =AG22*AF22 -> -4392 | AI22: NO
A23: 2025 | B23: 207 | C23: 45938 | D23: FE/2624 | E23: 45923 | G23: 8807.01 | H23: 1766.9 | I23: SI | J23: =IF(I23="SI",G23-H23,G23) -> 7040.11 | K23: B847C71D40 | L23: 2025 | M23: 4749 | N23: 45925 | O23: BP Energia Srl | P23: 01532740667 | Q23: 01532740667 | R23: 2 | S23: Tecnico/Manutentiva | T23: 1000402 | U23: 10402 | V23: 10402 | W23: 3 | X23: 2025 | Y23: 192 | Z23: 0 | AB23: 534 | AC23: 45945 | AD23: 45955 | AE23: 45950 | AF23: =AE23-AD23 -> -5 | AG23: =IF(AI23="SI",0,J23) -> 7040.11 | AH23: =AG23*AF23 -> -35200.55 | AI23: NO
A24: 2025 | B24: 208 | C24: 45938 | D24: 7 | E24: 45937 | F24: Fattura di vendita | G24: 3500 | H24: 631.15 | I24: NO | J24: =IF(I24="SI",G24-H24,G24) -> 3500 | K24: B51E0BCA03 | L24: 2025 | M24: 4937 | N24: 45937 | O24: LAVOYER Nicole ( dott. commercialista) | P24: 01191190071 | Q24: LVYNCL88E52A326S | R24: 1 | S24: Amministrativa/Finanziaria | T24: 1000202 | U24: 10202 | V24: 10202 | W24: 2 | X24: 2025 | Y24: 291 | Z24: 0 | AA24: 45952 | AB24: 552 | AC24: 45952 | AD24: 45967 | AE24: 45954 | AF24: =AE24-AD24 -> -13 | AG24: =IF(AI24="SI",0,J24) -> 3500 | AH24: =AG24*AF24 -> -45500 | AI24: NO
A25: 2025 | B25: 209 | C25: 45938 | D25: FPA 9/25 | E25: 45926 | G25: 1650 | H25: 0 | I25: NO | J25: =IF(I25="SI",G25-H25,G25) -> 1650 | K25: B781588875 | L25: 2025 | M25: 4767 | N25: 45926 | O25: ASSOCIAZIONE DI PROMOZIONE SOCIALE ALTITUDINI A.P.S. | P25: 01295110074 | Q25: 91076050078 | R25: 1 | S25: Amministrativa/Finanziaria | T25: 1000202 | U25: 10202 | V25: 10202 | W25: 27 | X25: 2025 | Y25: 137 | Z25: 0 | AB25: 538 | AC25: 45945 | AD25: 45956 | AE25: 45950 | AF25: =AE25-AD25 -> -6 | AG25: =IF(AI25="SI",0,J25) -> 1650 | AH25: =AG25*AF25 -> -9900 | AI25: NO
A26: 2025 | B26: 210 | C26: 45938 | D26: FATTPA 161_25 | E26: 45915 | F26: SERVIZIO DI GESTIONE DELL'UFFICIO TURISTICO DI CHAMOIS_PERIODO 01/07/2025-30/09/2025 | G26: 4992.24 | H26: 900.24 | I26: SI | J26: =IF(I26="SI",G26-H26,G26) -> 4092 | K26: B76A26A707 | L26: 2025 | M26: 4700 | N26: 45923 | O26: ENJOY EVENTS srl | P26: 01102380076 | Q26: 01102380076 | R26: 1 | S26: Amministrativa/Finanziaria | T26: 1000202 | U26: 10202 | V26: 10202 | W26: 27 | X26: 2025 | Y26: 146 | Z26: 0 | AB26: 535 | AC26: 45945 | AD26: 45953 | AE26: 45950 | AF26: =AE26-AD26 -> -3 | AG26: =IF(AI26="SI",0,J26) -> 4092 | AH26: =AG26*AF26 -> -12276 | AI26: NO
A27: 2025 | B27: 211 | C27: 45938 | D27: 31 | E27: 45933 | F27: manutenzione straordinaria acquedotto comunale Raccordo Corgnolaz-La Villa | G27: 4105.3 | H27: 740.3 | I27: SI | J27: =IF(I27="SI",G27-H27,G27) -> 3365 | K27: B20D003A55 | L27: 2025 | M27: 4862 | N27: 45933 | O27: CLIMA SERVICE scarl | P27: 01058570076 | Q27: 01058570076 | R27: 2 | S27: Tecnico/Manutentiva | T27: 2000401 | U27: 20401 | V27: 20401 | W27: 501 | X27: 2024 | Y27: 185 | Z27: 0 | AA27: 45980 | AB27: 627 | AC27: 45980 | AD27: 45963 | AE27: 45985 | AF27: =AE27-AD27 -> 22 | AG27: =IF(AI27="SI",0,J27) -> 3365 | AH27: =AG27*AF27 -> 74030 | AI27: NO
A28: 2025 | B28: 212 | C28: 45940 | D28: FATTPA 174_25 | E28: 45931 | F28: SERVIZIO DI GESTIONE DELL'UFFICIO TURISTICO DI CHAMOIS_PERIODO 01/07/2025-30/09/2025 | G28: 4911.72 | H28: 885.72 | I28: SI | J28: =IF(I28="SI",G28-H28,G28) -> 4026 | K28: B76A26A707 | L28: 2025 | M28: 4987 | N28: 45939 | O28: ENJOY EVENTS srl | P28: 01102380076 | Q28: 01102380076 | R28: 1 | S28: Amministrativa/Finanziaria | T28: 1000202 | U28: 10202 | V28: 10202 | W28: 27 | X28: 2025 | Y28: 146 | Z28: 0 | AB28: 535 | AC28: 45945 | AD28: 45969 | AE28: 45950 | AF28: =AE28-AD28 -> -19 | AG28: =IF(AI28="SI",0,J28) -> 4026 | AH28: =AG28*AF28 -> -76494 | AI28: NO
A29: 2025 | B29: 216 | C29: 45950 | D29: 30 | E29: 45933 | G29: 5950.89 | H29: 1073.11 | I29: SI | J29: =IF(I29="SI",G29-H29,G29) -> 4877.78 | K29: 855917891F | L29: 2025 | M29: 5122 | N29: 45950 | O29: CLIMA SERVICE scarl | P29: 01058570076 | Q29: 01058570076 | R29: 2 | S29: Tecnico/Manutentiva | T29: 2000401 | U29: 20401 | V29: 20401 | W29: 35 | X29: 2025 | Y29: 378 | Z29: 0 | AA29: 45980 | AB29: 629 | AC29: 45980 | AD29: 45980 | AE29: 45985 | AF29: =AE29-AD29 -> 5 | AG29: =IF(AI29="SI",0,J29) -> 4877.78 | AH29: =AG29*AF29 -> 24388.9 | AI29: NO
A30: 2025 | B30: 217 | C30: 45950 | D30: 29 | E30: 45933 | G30: 3207.82 | H30: 578.46 | I30: SI | J30: =IF(I30="SI",G30-H30,G30) -> 2629.36 | K30: 855917891F | L30: 2025 | M30: 5123 | N30: 45950 | O30: CLIMA SERVICE scarl | P30: 01058570076 | Q30: 01058570076 | R30: 2 | S30: Tecnico/Manutentiva | T30: 2000401 | U30: 20401 | V30: 20401 | W30: 35 | X30: 2024 | Y30: 378 | Z30: 0 | AA30: 45980 | AB30: 628 | AC30: 45980 | AD30: 45980 | AE30: 45985 | AF30: =AE30-AD30 -> 5 | AG30: =IF(AI30="SI",0,J30) -> 2629.36 | AH30: =AG30*AF30 -> 13146.8 | AI30: NO
A31: 2025 | B31: 218 | C31: 45950 | D31: FE-2025_122 | E31: 45943 | F31: SERVIZIO DI SUPPORTO PIATTAFORMA ANPR TRIENNALE 2024-2026 | G31: 732 | H31: 132 | I31: SI | J31: =IF(I31="SI",G31-H31,G31) -> 600 | K31: B294531D9B | L31: 2025 | M31: 5107 | N31: 45946 | O31: DIGITALE SEMPLICE PER TUTTI SRL [DSPT] | P31: 12939070012 | Q31: 12939070012 | R31: 1 | S31: Amministrativa/Finanziaria | T31: 1000202 | U31: 10202 | V31: 10202 | W31: 11 | X31: 2025 | Y31: 207 | Z31: 0 | AA31: 45973 | AB31: 589 | AC31: 45975 | AD31: 45976 | AE31: 45979 | AF31: =AE31-AD31 -> 3 | AG31: =IF(AI31="SI",0,J31) -> 600 | AH31: =AG31*AF31 -> 1800 | AI31: NO
A32: 2025 | B32: 219 | C32: 45950 | D32: FE000120250003542967 | E32: 45946 | F32: FE000120250000000003542967B/BOLLETTAZIONE MASSIVA Fornitura di energia elettrica | G32: 593.57 | H32: 107.04 | I32: SI | J32: =IF(I32="SI",G32-H32,G32) -> 486.53 | K32: B521B71C55 | L32: 2025 | M32: 5108 | N32: 45947 | O32: AGSM AIM Energia S.p.A. | P32: 02968430237 | R32: 1 | S32: Amministrativa/Finanziaria | T32: 1000202 | U32: 10202 | V32: 10202 | W32: 20 | X32: 2025 | Y32: 279 | Z32: 0 | AA32: 45980 | AB32: 633 | AC32: 45980 | AD32: 45977 | AE32: 45985 | AF32: =AE32-AD32 -> 8 | AG32: =IF(AI32="SI",0,J32) -> 486.53 | AH32: =AG32*AF32 -> 3892.24 | AI32: NO
A33: 2025 | B33: 220 | C33: 45950 | D33: FE000120250003542947 | E33: 45946 | F33: FE000120250000000003542947B/BOLLETTAZIONE MASSIVA Fornitura di energia elettrica | G33: 445.57 | H33: 80.35 | I33: SI | J33: =IF(I33="SI",G33-H33,G33) -> 365.22 | K33: B521B71C55 | L33: 2025 | M33: 5109 | N33: 45947 | O33: AGSM AIM Energia S.p.A. | P33: 02968430237 | R33: 1 | S33: Amministrativa/Finanziaria | T33: 1000202 | U33: 10202 | V33: 10202 | W33: 20 | X33: 2025 | Y33: 279 | Z33: 0 | AA33: 45980 | AB33: 633 | AC33: 45980 | AD33: 45977 | AE33: 45985 | AF33: =AE33-AD33 -> 8 | AG33: =IF(AI33="SI",0,J33) -> 365.22 | AH33: =AG33*AF33 -> 2921.76 | AI33: NO
A34: 2025 | B34: 221 | C34: 45950 | D34: 240 | E34: 45945 | F34: Supporto alla manifestazione il Gusto di una Passeggiata 2025 | G34: 2100 | H34: 378.69 | I34: SI | J34: =IF(I34="SI",G34-H34,G34) -> 1721.31 | L34: 2025 | M34: 5083 | N34: 45945 | O34: CHAMOIS SERVIZI S.R.L. | P34: 01033180074 | Q34: 01033180074 | R34: 1 | S34: Amministrativa/Finanziaria | T34: 1000202 | U34: 10202 | V34: 10202 | W34: 27 | X34: 2025 | Y34: 157 | Z34: 0 | AA34: 45973 | AB34: 580 | AC34: 45975 | AD34: 45975 | AE34: 45979 | AF34: =AE34-AD34 -> 4 | AG34: =IF(AI34="SI",0,J34) -> 1721.31 | AH34: =AG34*AF34 -> 6885.24 | AI34: NO
A35: 2025 | B35: 222 | C35: 45950 | D35: 239 | E35: 45945 | F35: SUPPORTO ALLE MANIFESTAZIONI LUGLIO - DICEMBRE 2025 | G35: 583 | H35: 53.89 | I35: SI | J35: =IF(I35="SI",G35-H35,G35) -> 529.11 | L35: 2025 | M35: 5082 | N35: 45945 | O35: CHAMOIS SERVIZI S.R.L. | P35: 01033180074 | Q35: 01033180074 | R35: 1 | S35: Amministrativa/Finanziaria | T35: 1000202 | U35: 10202 | V35: 10202 | W35: 27 | X35: 2025 | Y35: 196 | Z35: 0 | AA35: 45973 | AB35: 583 | AC35: 45975 | AD35: 45975 | AE35: 45979 | AF35: =AE35-AD35 -> 4 | AG35: =IF(AI35="SI",0,J35) -> 529.11 | AH35: =AG35*AF35 -> 2116.44 | AI35: NO
A36: 2025 | B36: 223 | C36: 45950 | D36: 238 | E36: 45945 | F36: SUPPORTO ALLE MANIFESTAZIONI LUGLIO - DICEMBRE 2025 | G36: 6342.57 | H36: 1143.74 | I36: SI | J36: =IF(I36="SI",G36-H36,G36) -> 5198.83 | L36: 2025 | M36: 5081 | N36: 45945 | O36: CHAMOIS SERVIZI S.R.L. | P36: 01033180074 | Q36: 01033180074 | R36: 1 | S36: Amministrativa/Finanziaria | T36: 1000202 | U36: 10202 | V36: 10202 | W36: 27 | X36: 2025 | Y36: 196 | Z36: 0 | AA36: 45973 | AB36: 582 | AC36: 45975 | AD36: 45975 | AE36: 45979 | AF36: =AE36-AD36 -> 4 | AG36: =IF(AI36="SI",0,J36) -> 5198.83 | AH36: =AG36*AF36 -> 20795.32 | AI36: NO
A37: 2025 | B37: 224 | C37: 45950 | D37: 236 | E37: 45945 | F37: Gestione soccorso interno 2025 | G37: 3459.92 | H37: 623.92 | I37: SI | J37: =IF(I37="SI",G37-H37,G37) -> 2836 | L37: 2025 | M37: 5080 | N37: 45945 | O37: CHAMOIS SERVIZI S.R.L. | P37: 01033180074 | Q37: 01033180074 | R37: 2 | S37: Tecnico/Manutentiva | T37: 1000402 | U37: 10402 | V37: 10402 | W37: 26 | X37: 2025 | Y37: 156 | Z37: 0 | AA37: 45973 | AB37: 587 | AC37: 45975 | AD37: 45975 | AE37: 45979 | AF37: =AE37-AD37 -> 4 | AG37: =IF(AI37="SI",0,J37) -> 2836 | AH37: =AG37*AF37 -> 11344 | AI37: NO
A38: 2025 | B38: 225 | C38: 45950 | D38: 235 | E38: 45945 | F38: Servizio di manutenzione ordinaria illuminazione pubblica 2025 | G38: 941.02 | H38: 169.69 | I38: SI | J38: =IF(I38="SI",G38-H38,G38) -> 771.33 | L38: 2025 | M38: 5084 | N38: 45945 | O38: CHAMOIS SERVIZI S.R.L. | P38: 01033180074 | Q38: 01033180074 | R38: 2 | S38: Tecnico/Manutentiva | T38: 1000402 | U38: 10402 | V38: 10402 | W38: 13 | X38: 2025 | Y38: 316 | Z38: 0 | AA38: 45973 | AB38: 586 | AC38: 45975 | AD38: 45975 | AE38: 45979 | AF38: =AE38-AD38 -> 4 | AG38: =IF(AI38="SI",0,J38) -> 771.33 | AH38: =AG38*AF38 -> 3085.32 | AI38: NO
A39: 2025 | B39: 226 | C39: 45950 | D39: 234 | E39: 45945 | F39: Manutenzione straordinaria immobili comuncali 2025 | G39: 3343.81 | H39: 602.98 | I39: SI | J39: =IF(I39="SI",G39-H39,G39) -> 2740.83 | L39: 2025 | M39: 5077 | N39: 45945 | O39: CHAMOIS SERVIZI S.R.L. | P39: 01033180074 | Q39: 01033180074 | R39: 2 | S39: Tecnico/Manutentiva | T39: 2000401 | U39: 20401 | V39: 20401 | W39: 50 | X39: 2025 | Y39: 151 | Z39: 0 | AA39: 45980 | AB39: 630 | AC39: 45980 | AD39: 45975 | AE39: 45985 | AF39: =AE39-AD39 -> 10 | AG39: =IF(AI39="SI",0,J39) -> 2740.83 | AH39: =AG39*AF39 -> 27408.3 | AI39: NO
A40: 2025 | B40: 227 | C40: 45950 | D40: 233 | E40: 45945 | F40: Manutenzione straordinaria strade 2025 | G40: 22721.69 | H40: 4097.35 | I40: SI | J40: =IF(I40="SI",G40-H40,G40) -> 18624.34 | L40: 2025 | M40: 5085 | N40: 45945 | O40: CHAMOIS SERVIZI S.R.L. | P40: 01033180074 | Q40: 01033180074 | R40: 2 | S40: Tecnico/Manutentiva | T40: 2000401 | U40: 20401 | V40: 20401 | W40: 8 | X40: 2025 | Y40: 153 | Z40: 0 | AA40: 45980 | AB40: 631 | AC40: 45980 | AD40: 45975 | AE40: 45985 | AF40: =AE40-AD40 -> 10 | AG40: =IF(AI40="SI",0,J40) -> 18624.34 | AH40: =AG40*AF40 -> 186243.4 | AI40: NO
A41: 2025 | B41: 228 | C41: 45950 | D41: 232 | E41: 45945 | F41: Raccolta RSU | G41: 12332.38 | H41: 1121.13 | I41: SI | J41: =IF(I41="SI",G41-H41,G41) -> 11211.25 | L41: 2025 | M41: 5076 | N41: 45945 | O41: CHAMOIS SERVIZI S.R.L. | P41: 01033180074 | Q41: 01033180074 | R41: 2 | S41: Tecnico/Manutentiva | T41: 1000402 | U41: 10402 | V41: 10402 | W41: 21 | X41: 2025 | Y41: 311 | Z41: 0 | AA41: 45973 | AB41: 584 | AC41: 45975 | AD41: 45975 | AE41: 45979 | AF41: =AE41-AD41 -> 4 | AG41: =IF(AI41="SI",0,J41) -> 11211.25 | AH41: =AG41*AF41 -> 44845 | AI41: NO
A42: 2025 | B42: 229 | C42: 45950 | D42: 231 | E42: 45945 | F42: TRASPORTO EXTRA LUGLIO - DICEMBRE 2025 | G42: 4669 | H42: 841.95 | I42: SI | J42: =IF(I42="SI",G42-H42,G42) -> 3827.05 | L42: 2025 | M42: 5078 | N42: 45945 | O42: CHAMOIS SERVIZI S.R.L. | P42: 01033180074 | Q42: 01033180074 | R42: 1 | S42: Amministrativa/Finanziaria | T42: 1000202 | U42: 10202 | V42: 10202 | W42: 27 | X42: 2025 | Y42: 195 | Z42: 0 | AA42: 45973 | AB42: 581 | AC42: 45975 | AD42: 45975 | AE42: 45979 | AF42: =AE42-AD42 -> 4 | AG42: =IF(AI42="SI",0,J42) -> 3827.05 | AH42: =AG42*AF42 -> 15308.2 | AI42: NO
A43: 2025 | B43: 230 | C43: 45950 | D43: 230 | E43: 45945 | F43: Trasporto interno 2025 | G43: 22305.85 | H43: 4022.37 | I43: SI | J43: =IF(I43="SI",G43-H43,G43) -> 18283.48 | L43: 2025 | M43: 5075 | N43: 45945 | O43: CHAMOIS SERVIZI S.R.L. | P43: 01033180074 | Q43: 01033180074 | R43: 1 | S43: Amministrativa/Finanziaria | T43: 1000202 | U43: 10202 | V43: 10202 | W43: 25 | X43: 2025 | Y43: 309 | Z43: 0 | AA43: 45973 | AB43: 585 | AC43: 45975 | AD43: 45975 | AE43: 45979 | AF43: =AE43-AD43 -> 4 | AG43: =IF(AI43="SI",0,J43) -> 18283.48 | AH43: =AG43*AF43 -> 73133.92 | AI43: NO
A44: 2025 | B44: 231 | C44: 45952 | D44: 3703401 | E44: 45939 | F44: "Linea Diretta" - Servizio Assistenza Nexi Payments SpA 02345448 Codice Personale d'identificazione 049084189 Per i costi telef. visiti il sito www.nexi.it - menu' Trasparenza Mandato SEPA SDD: 792254579610800002 Art.17-ter DPR 633/72 - Scissione dei paga | G44: 60 | H44: 0 | I44: SI | J44: =IF(I44="SI",G44-H44,G44) -> 60 | L44: 2025 | M44: 5073 | N44: 45945 | O44: NEXY PAYMENT SPA | P44: 10542790968 | Q44: 04107060966 | R44: 1 | S44: Amministrativa/Finanziaria | T44: 1000202 | U44: 10202 | V44: 10202 | W44: 2 | X44: 2025 | Y44: 176 | Z44: 0 | AA44: 45973 | AB44: 592 | AC44: 45975 | AD44: 45975 | AE44: 45952 | AF44: =AE44-AD44 -> -23 | AG44: =IF(AI44="SI",0,J44) -> 60 | AH44: =AG44*AF44 -> -1380 | AI44: NO
A45: 2025 | B45: 231 | C45: 45952 | D45: 3703401 | E45: 45939 | F45: "Linea Diretta" - Servizio Assistenza Nexi Payments SpA 02345448 Codice Personale d'identificazione 049084189 Per i costi telef. visiti il sito www.nexi.it - menu' Trasparenza Mandato SEPA SDD: 792254579610800002 Art.17-ter DPR 633/72 - Scissione dei paga | G45: 13.2 | H45: 13.2 | I45: SI | J45: =IF(I45="SI",G45-H45,G45) -> 0 | L45: 2025 | M45: 5073 | N45: 45945 | O45: NEXY PAYMENT SPA | P45: 10542790968 | Q45: 04107060966 | R45: 1 | S45: Amministrativa/Finanziaria | T45: 1000202 | U45: 10202 | V45: 10202 | W45: 2 | X45: 2025 | Y45: 176 | Z45: 0 | AA45: 45973 | AB45: 588 | AC45: 45975 | AD45: 45975 | AE45: 45979 | AF45: =AE45-AD45 -> 4 | AG45: =IF(AI45="SI",0,J45) -> 0 | AH45: =AG45*AF45 -> 0 | AI45: NO
A46: 2025 | B46: 232 | C46: 45952 | D46: AR03215936 | E46: 45945 | F46: scissione pagamenti NO Periodo fatturazione: 09 agosto 2025 - 08 ottobre 2025 | G46: 35.23 | H46: 6.35 | I46: SI | J46: =IF(I46="SI",G46-H46,G46) -> 28.88 | K46: B36FF39C69 | L46: 2025 | M46: 5104 | N46: 45946 | O46: VODAFONE ITALIA S.p.A. | P46: 08539010010 | Q46: 93026890017 | R46: 2 | S46: Tecnico/Manutentiva | T46: 1000402 | U46: 10402 | V46: 10402 | W46: 35 | X46: 2024 | Y46: 249 | Z46: 0 | AA46: 45980 | AB46: 632 | AC46: 45980 | AD46: 45976 | AE46: 45985 | AF46: =AE46-AD46 -> 9 | AG46: =IF(AI46="SI",0,J46) -> 28.88 | AH46: =AG46*AF46 -> 259.92 | AI46: NO
A47: 2025 | B47: 233 | C47: 45952 | D47: 237 | E47: 45945 | F47: Servizio pulizie 2025 | G47: 2249.38 | H47: 405.63 | I47: SI | J47: =IF(I47="SI",G47-H47,G47) -> 1843.75 | L47: 2025 | M47: 5079 | N47: 45945 | O47: CHAMOIS SERVIZI S.R.L. | P47: 01033180074 | Q47: 01033180074 | R47: 2 | S47: Tecnico/Manutentiva | T47: 1000402 | U47: 10402 | V47: 10402 | W47: 4 | X47: 2025 | Y47: 82 | Z47: 0 | AA47: 45973 | AB47: 579 | AC47: 45975 | AD47: 45975 | AE47: 45979 | AF47: =AE47-AD47 -> 4 | AG47: =IF(AI47="SI",0,J47) -> 1843.75 | AH47: =AG47*AF47 -> 7375 | AI47: NO
A48: 2025 | B48: 234 | C48: 45961 | D48: FATTPA 3_25 | E48: 45953 | F48: Direzione Lavori manutenzione straordinaria acquedotto intercomunale - SALDO | G48: 6550.62 | H48: 0 | I48: NO | J48: =IF(I48="SI",G48-H48,G48) -> 6550.62 | K48: ZDD390A1B2 | L48: 2025 | M48: 5204 | N48: 45953 | O48: RODOLFO LUCA | P48: 00672320074 | Q48: RDLLCU72D12L872V | R48: * | S48: * | T48: 2000401 | U48: 20401 | V48: 20401 | W48: 63 | X48: 2024 | Y48: 58 | Z48: 0 | AA48: 45980 | AB48: 612 | AC48: 45980 | AD48: 45983 | AE48: 45987 | AF48: =AE48-AD48 -> 4 | AG48: =IF(AI48="SI",0,J48) -> 6550.62 | AH48: =AG48*AF48 -> 26202.48 | AI48: NO
A49: 2025 | B49: 235 | C49: 45961 | D49: FATTPA 4_25 | E49: 45953 | F49: Coordinamento sicurezza Lavori manutenzione straordinaria acquedotto intercomunale - saldo | G49: 1531.32 | H49: 0 | I49: NO | J49: =IF(I49="SI",G49-H49,G49) -> 1531.32 | K49: Z8A3CD7A95 | L49: 2025 | M49: 5203 | N49: 45953 | O49: RODOLFO LUCA | P49: 00672320074 | Q49: RDLLCU72D12L872V | R49: * | S49: * | T49: 2000401 | U49: 20401 | V49: 20401 | W49: 63 | X49: 2025 | Y49: 49 | Z49: 0 | AA49: 45980 | AB49: 613 | AC49: 45980 | AD49: 45983 | AE49: 45987 | AF49: =AE49-AD49 -> 4 | AG49: =IF(AI49="SI",0,J49) -> 1531.32 | AH49: =AG49*AF49 -> 6125.28 | AI49: NO
A50: 2025 | B50: 236 | C50: 45961 | D50: 32 | E50: 45953 | F50: LAVORI DI MANUTENZIONE STRAORDINARIA PER INTERVENTI SU SERBATOI, SORGENTI E CONDOTTE DELL'ACQUEDOTTO INTERCOMUNALE: LOTTO A OPERE IDRAULICHE | G50: 23485 | H50: 4235 | I50: SI | J50: =IF(I50="SI",G50-H50,G50) -> 19250 | K50: A004EC3FD7 | L50: 2025 | M50: 5206 | N50: 45953 | O50: CLIMA SERVICE scarl | P50: 01058570076 | Q50: 01058570076 | R50: * | S50: * | T50: 2000401 | U50: 20401 | V50: 20401 | W50: 63 | X50: 2025 | Y50: 47 | Z50: 0 | AA50: 45980 | AB50: 625 | AC50: 45980 | AD50: 45983 | AE50: 45985 | AF50: =AE50-AD50 -> 2 | AG50: =IF(AI50="SI",0,J50) -> 19250 | AH50: =AG50*AF50 -> 38500 | AI50: NO
A51: 2025 | B51: 237 | C51: 45961 | D51: 33 | E51: 45953 | F51: LAVORI DI MANUTENZIONE STRAORDINARIA PER INTERVENTI SU SERBATOI, SORGENTI E CONDOTTE DELL'ACQUEDOTTO INTERCOMUNALE: LOTTO A OPERE IDRAULICHE [Ex.Imp. 2023/273] (Somma Impegnate nell'Esercizio 2023 da riscrivere nell'Esercizio 2024) [Ex.Imp. 2024/66] (Somma Impegnate nell'Esercizio 2025) | G51: 23485 | H51: 4235 | I51: SI | J51: =IF(I51="SI",G51-H51,G51) -> 19250 | K51: A004EC3FD7 | L51: 2025 | M51: 5205 | N51: 45953 | O51: CLIMA SERVICE scarl | P51: 01058570076 | Q51: 01058570076 | R51: * | S51: * | T51: 2000401 | U51: 20401 | V51: 20401 | W51: 63 | X51: 2025 | Y51: 47 | Z51: 0 | AA51: 45980 | AB51: 626 | AC51: 45980 | AD51: 45983 | AE51: 45985 | AF51: =AE51-AD51 -> 2 | AG51: =IF(AI51="SI",0,J51) -> 19250 | AH51: =AG51*AF51 -> 38500 | AI51: NO
A52: 2025 | B52: 238 | C52: 45961 | D52: 34 | E52: 45957 | F52: LAVORI DI MANUTENZIONE STRAORDINARIA PER INTERVENTI SU SERBATOI, SORGENTI E CONDOTTE DELL'ACQUEDOTTO INTERCOMUNALE: LOTTO A OPERE IDRAULICHE | G52: 47586.55 | H52: 8581.18 | I52: SI | J52: =IF(I52="SI",G52-H52,G52) -> 39005.37 | K52: A004EC3FD7 | L52: 2025 | M52: 5265 | N52: 45957 | O52: CLIMA SERVICE scarl | P52: 01058570076 | Q52: 01058570076 | R52: * | S52: * | T52: 2000401 | U52: 20401 | V52: 20401 | W52: 63 | X52: 2025 | Y52: 47 | Z52: 0 | AA52: 45980 | AB52: 626 | AC52: 45980 | AD52: 45987 | AE52: 45985 | AF52: =AE52-AD52 -> -2 | AG52: =IF(AI52="SI",0,J52) -> 39005.37 | AH52: =AG52*AF52 -> -78010.74 | AI52: NO
A53: 2025 | B53: 239 | C53: 45968 | D53: 258 | E53: 45967 | F53: Gestione della funivia e della teleferica Buisson-Chamois 2022-2032 ACCORDO COOPERAZIONE DELIBERA GUINTA 1440 DEL 20/11/2024 vedi acc 213 | G53: 147750 | H53: 26643.44 | I53: SI | J53: =IF(I53="SI",G53-H53,G53) -> 121106.56 | L53: 2025 | M53: 5429 | N53: 45967 | O53: CHAMOIS SERVIZI S.R.L. | P53: 01033180074 | Q53: 01033180074 | R53: * | S53: * | T53: 4000005 | U53: 4005 | V53: 4005 | W53: 2 | X53: 2025 | Y53: 162 | Z53: 0 | AB53: 647 | AC53: 45994 | AD53: 45997 | AE53: 45996 | AF53: =AE53-AD53 -> -1 | AG53: =IF(AI53="SI",0,J53) -> 121106.56 | AH53: =AG53*AF53 -> -121106.56 | AI53: NO
A54: 2025 | B54: 240 | C54: 45968 | D54: 1/13 | E54: 45967 | F54: MEYNET Monica: Onorario per il Revisore dei conti | G54: 4129.9 | H54: 744.74 | I54: NO | J54: =IF(I54="SI",G54-H54,G54) -> 4129.9 | K54: ZB52F3A158 | L54: 2025 | M54: 5436 | N54: 45967 | O54: MEYNET Monica (Revisore dei conti) | P54: 01231390079 | Q54: MYNMNC86L56A326N | R54: 1 | S54: Amministrativa/Finanziaria | T54: 1000102 | U54: 10102 | V54: 10102 | W54: 5 | X54: 2024 | Y54: 342 | Z54: 0 | AA54: 45981 | AB54: 602 | AC54: 45980 | AD54: 45997 | AE54: 45987 | AF54: =AE54-AD54 -> -10 | AG54: =IF(AI54="SI",0,J54) -> 4129.9 | AH54: =AG54*AF54 -> -41299 | AI54: NO
A55: 2025 | B55: 240 | C55: 45968 | D55: 1/13 | E55: 45967 | F55: MEYNET Monica: Onorario per il Revisore dei conti | G55: 922.33 | H55: 166.32 | I55: NO | J55: =IF(I55="SI",G55-H55,G55) -> 922.33 | K55: ZB52F3A158 | L55: 2025 | M55: 5436 | N55: 45967 | O55: MEYNET Monica (Revisore dei conti) | P55: 01231390079 | Q55: MYNMNC86L56A326N | R55: 1 | S55: Amministrativa/Finanziaria | T55: 1000102 | U55: 10102 | V55: 10102 | W55: 5 | X55: 2025 | Y55: 342 | Z55: 0 | AA55: 45981 | AB55: 601 | AC55: 45980 | AD55: 45997 | AE55: 45987 | AF55: =AE55-AD55 -> -10 | AG55: =IF(AI55="SI",0,J55) -> 922.33 | AH55: =AG55*AF55 -> -9223.3 | AI55: NO
A56: 2025 | B56: 241 | C56: 45968 | D56: FPA 19/25 | E56: 45964 | G56: 1903.2 | H56: 343.2 | I56: NO | J56: =IF(I56="SI",G56-H56,G56) -> 1903.2 | K56: Z6B2F5A7AD | L56: 2025 | M56: 5357 | N56: 45964 | O56: CARENA Alessandro dott. ing. | P56: 01255360073 | Q56: CRNLSN55P24L219S | R56: 2 | S56: Tecnico/Manutentiva | T56: 1000402 | U56: 10402 | V56: 10402 | W56: 24 | X56: 2025 | Y56: 337 | Z56: 0 | AA56: 45980 | AB56: 611 | AC56: 45980 | AD56: 45994 | AE56: 45987 | AF56: =AE56-AD56 -> -7 | AG56: =IF(AI56="SI",0,J56) -> 1903.2 | AH56: =AG56*AF56 -> -13322.4 | AI56: NO
A57: 2025 | B57: 242 | C57: 45968 | D57: 1025249374 | E57: 45967 | F57: 30069645-002 | G57: 5.61 | H57: 0 | I57: NO | J57: =IF(I57="SI",G57-H57,G57) -> 5.61 | K57: Z01392D4FF | L57: 2025 | M57: 5438 | N57: 45967 | O57: POSTE ITALIANE SPA | P57: 01114601006 | Q57: 97103880585 | R57: 1 | S57: Amministrativa/Finanziaria | T57: 1000202 | U57: 10202 | V57: 10202 | W57: 2 | X57: 2025 | Y57: 339 | Z57: 0 | AA57: 45975 | AB57: 591 | AC57: 45975 | AD57: 45997 | AE57: 45979 | AF57: =AE57-AD57 -> -18 | AG57: =IF(AI57="SI",0,J57) -> 5.61 | AH57: =AG57*AF57 -> -100.98 | AI57: NO
A58: 2025 | B58: 243 | C58: 45968 | D58: 1025250370 | E58: 45967 | F58: 30069645-002 | G58: 47.44 | H58: 0 | I58: NO | J58: =IF(I58="SI",G58-H58,G58) -> 47.44 | K58: Z01392D4FF | L58: 2025 | M58: 5437 | N58: 45967 | O58: POSTE ITALIANE SPA | P58: 01114601006 | Q58: 97103880585 | R58: 1 | S58: Amministrativa/Finanziaria | T58: 1000202 | U58: 10202 | V58: 10202 | W58: 2 | X58: 2025 | Y58: 339 | Z58: 0 | AA58: 45975 | AB58: 591 | AC58: 45975 | AD58: 45997 | AE58: 45979 | AF58: =AE58-AD58 -> -18 | AG58: =IF(AI58="SI",0,J58) -> 47.44 | AH58: =AG58*AF58 -> -853.92 | AI58: NO
A59: 2025 | B59: 244 | C59: 45968 | D59: 1025251041 | E59: 45967 | F59: 30069645-002 | G59: 47.44 | H59: 0 | I59: NO | J59: =IF(I59="SI",G59-H59,G59) -> 47.44 | K59: Z01392D4FF | L59: 2025 | M59: 5439 | N59: 45967 | O59: POSTE ITALIANE SPA | P59: 01114601006 | Q59: 97103880585 | R59: 1 | S59: Amministrativa/Finanziaria | T59: 1000202 | U59: 10202 | V59: 10202 | W59: 2 | X59: 2025 | Y59: 339 | Z59: 0 | AA59: 45975 | AB59: 591 | AC59: 45975 | AD59: 45997 | AE59: 45979 | AF59: =AE59-AD59 -> -18 | AG59: =IF(AI59="SI",0,J59) -> 47.44 | AH59: =AG59*AF59 -> -853.92 | AI59: NO
A60: 2025 | B60: 245 | C60: 45968 | D60: 588 | E60: 45960 | F60: Ft Split Payment ex art.17-ter DPR 633/72 | G60: 3050 | H60: 550 | I60: SI | J60: =IF(I60="SI",G60-H60,G60) -> 2500 | K60: B44356393C | L60: 2025 | M60: 5333 | N60: 45961 | O60: CENTRO CO.FI.AM SRL | P60: 00414170076 | Q60: 00414170076 | R60: 1 | S60: Amministrativa/Finanziaria | T60: 1000202 | U60: 10202 | V60: 10202 | W60: 8 | X60: 2025 | Y60: 239 | Z60: 0 | AA60: 45981 | AB60: 624 | AC60: 45980 | AD60: 45991 | AE60: 45985 | AF60: =AE60-AD60 -> -6 | AG60: =IF(AI60="SI",0,J60) -> 2500 | AH60: =AG60*AF60 -> -15000 | AI60: NO
A61: 2025 | B61: 246 | C61: 45968 | D61: 74/001 | E61: 45963 | F61: Manutenzione ordinaria delle aree verdi per il triennio 2023-2024-2025 | G61: 4026 | H61: 726 | I61: SI | J61: =IF(I61="SI",G61-H61,G61) -> 3300 | K61: ZE03B7C5EA | L61: 2025 | M61: 5337 | N61: 45963 | O61: LA SIEPE SRL | P61: 01007060070 | Q61: 01007060070 | R61: 2 | S61: Tecnico/Manutentiva | T61: 1000402 | U61: 10402 | V61: 10402 | W61: 4 | X61: 2025 | Y61: 197 | Z61: 0 | AA61: 45987 | AB61: 646 | AC61: 45994 | AD61: 45993 | AE61: 45996 | AF61: =AE61-AD61 -> 3 | AG61: =IF(AI61="SI",0,J61) -> 3300 | AH61: =AG61*AF61 -> 9900 | AI61: NO
A62: 2025 | B62: 254 | C62: 45975 | D62: FATTPA 200_25 | E62: 45971 | F62: SERVIZIO DI GESTIONE DELL'UFFICIO TURISTICO DI CHAMOIS_PERIODO 01/10/2025-31/01/2026 | G62: 2898.72 | H62: 522.72 | I62: SI | J62: =IF(I62="SI",G62-H62,G62) -> 2376 | K62: B76A26A707 | L62: 2025 | M62: 5587 | N62: 45975 | O62: ENJOY EVENTS srl | P62: 01102380076 | Q62: 01102380076 | R62: 1 | S62: Amministrativa/Finanziaria | T62: 1000202 | U62: 10202 | V62: 10202 | W62: 27 | X62: 2025 | Y62: 202 | Z62: 0 | AA62: 45987 | AB62: 642 | AC62: 45994 | AD62: 46005 | AE62: 45996 | AF62: =AE62-AD62 -> -9 | AG62: =IF(AI62="SI",0,J62) -> 2376 | AH62: =AG62*AF62 -> -21384 | AI62: NO
A63: 2025 | B63: 255 | C63: 45975 | D63: 260 | E63: 45971 | F63: Manutenzioni per la funivia e la teleferica Buisson-Chamois 2023 PD 2930 DEL 19/05/2022 Zoppo - convenzione 31/05/2022 al 01/06/2032 vedi acc 214 | G63: 20000 | H63: 3606.56 | I63: SI | J63: =IF(I63="SI",G63-H63,G63) -> 16393.44 | L63: 2025 | M63: 5485 | N63: 45971 | O63: CHAMOIS SERVIZI S.R.L. | P63: 01033180074 | Q63: 01033180074 | R63: * | S63: * | T63: 4000005 | U63: 4005 | V63: 4005 | W63: 2 | X63: 2025 | Y63: 163 | Z63: 0 | AB63: 683 | AC63: 46003 | AD63: 46001 | AE63: 46006 | AF63: =AE63-AD63 -> 5 | AG63: =IF(AI63="SI",0,J63) -> 16393.44 | AH63: =AG63*AF63 -> 81967.2 | AI63: NO
A64: 2025 | B64: 257 | C64: 45981 | D64: 154/2025/FE | E64: 45979 | F64: Attività preliminare per la causa relativa al forno del Comune e per l'appalto dell'altiporto | G64: 5075.2 | H64: 915.2 | I64: NO | J64: =IF(I64="SI",G64-H64,G64) -> 5075.2 | K64: B85F6161A6 | L64: 2025 | M64: 5669 | N64: 45979 | O64: STUDIO LEGALE ASSOCIATO DUJANY - FANTINI - FAVRE - FOGNIER | P64: 00441380078 | R64: 1 | S64: Amministrativa/Finanziaria | T64: 1000202 | U64: 10202 | V64: 10202 | W64: 2 | X64: 2025 | Y64: 201 | Z64: 0 | AB64: 667 | AC64: 46003 | AD64: 46009 | AE64: 46006 | AF64: =AE64-AD64 -> -3 | AG64: =IF(AI64="SI",0,J64) -> 5075.2 | AH64: =AG64*AF64 -> -15225.6 | AI64: NO
A65: 2025 | B65: 258 | C65: 45981 | D65: 229/001 | E65: 45969 | F65: Rinnovo manutenzione ordinaria sito web lovechamois.it | G65: 183 | H65: 33 | I65: SI | J65: =IF(I65="SI",G65-H65,G65) -> 150 | K65: B5BB7C8288 | L65: 2025 | M65: 5602 | N65: 45976 | O65: VISAMULTIMEDIA di Vicquery Laurent & C. snc | P65: 00562880070 | Q65: 00562880070 | R65: 1 | S65: Amministrativa/Finanziaria | T65: 1000202 | U65: 10202 | V65: 10202 | W65: 27 | X65: 2025 | Y65: 63 | Z65: 0 | AA65: 45987 | AB65: 639 | AC65: 45994 | AD65: 46006 | AE65: 45996 | AF65: =AE65-AD65 -> -10 | AG65: =IF(AI65="SI",0,J65) -> 150 | AH65: =AG65*AF65 -> -1500 | AI65: NO
A66: 2025 | B66: 258 | C66: 45981 | D66: 229/001 | E66: 45969 | F66: Rinnovo manutenzione ordinaria sito web lovechamois.it | G66: 768.6 | H66: 138.6 | I66: SI | J66: =IF(I66="SI",G66-H66,G66) -> 630 | K66: Z0738CDE10 | L66: 2025 | M66: 5602 | N66: 45976 | O66: VISAMULTIMEDIA di Vicquery Laurent & C. snc | P66: 00562880070 | Q66: 00562880070 | R66: 1 | S66: Amministrativa/Finanziaria | T66: 1000202 | U66: 10202 | V66: 10202 | W66: 27 | X66: 2025 | Y66: 306 | Z66: 0 | AA66: 45987 | AB66: 641 | AC66: 45994 | AD66: 46006 | AE66: 45996 | AF66: =AE66-AD66 -> -10 | AG66: =IF(AI66="SI",0,J66) -> 630 | AH66: =AG66*AF66 -> -6300 | AI66: NO
A67: 2025 | B67: 259 | C67: 45981 | D67: 900243/25PA | E67: 45968 | F67: Contratto telefonia da Gennaio 2025 a Dicembre 2025 | G67: 363.32 | H67: 65.52 | I67: SI | J67: =IF(I67="SI",G67-H67,G67) -> 297.8 | K67: ZCC3D967E7 | L67: 2025 | M67: 5579 | N67: 45974 | O67: Telecomunicazioni Digitali FASTALP srl | P67: 01079120075 | Q67: 01079120075 | R67: 1 | S67: Amministrativa/Finanziaria | T67: 1000202 | U67: 10202 | V67: 10202 | W67: 29 | X67: 2025 | Y67: 317 | Z67: 0 | AA67: 45987 | AB67: 638 | AC67: 45994 | AD67: 46004 | AE67: 45996 | AF67: =AE67-AD67 -> -8 | AG67: =IF(AI67="SI",0,J67) -> 297.8 | AH67: =AG67*AF67 -> -2382.4 | AI67: NO
A68: 2025 | B68: 260 | C68: 45981 | D68: 900253/25PA | E68: 45968 | G68: 156.07 | H68: 28.14 | I68: SI | J68: =IF(I68="SI",G68-H68,G68) -> 127.93 | K68: B5355575DC | L68: 2025 | M68: 5578 | N68: 45974 | O68: Telecomunicazioni Digitali FASTALP srl | P68: 01079120075 | Q68: 01079120075 | R68: 1 | S68: Amministrativa/Finanziaria | T68: 1000202 | U68: 10202 | V68: 10202 | W68: 27 | X68: 2025 | Y68: 294 | Z68: 0 | AA68: 45987 | AB68: 640 | AC68: 45994 | AD68: 46004 | AE68: 45996 | AF68: =AE68-AD68 -> -8 | AG68: =IF(AI68="SI",0,J68) -> 127.93 | AH68: =AG68*AF68 -> -1023.44 | AI68: NO
A69: 2025 | B69: 260 | C69: 45981 | D69: 900253/25PA | E69: 45968 | G69: 355.48 | H69: 64.11 | I69: SI | J69: =IF(I69="SI",G69-H69,G69) -> 291.37 | K69: B5355575DC | L69: 2025 | M69: 5578 | N69: 45974 | O69: Telecomunicazioni Digitali FASTALP srl | P69: 01079120075 | Q69: 01079120075 | R69: 1 | S69: Amministrativa/Finanziaria | T69: 1000202 | U69: 10202 | V69: 10202 | W69: 29 | X69: 2025 | Y69: 293 | Z69: 0 | AA69: 45987 | AB69: 637 | AC69: 45994 | AD69: 46004 | AE69: 45996 | AF69: =AE69-AD69 -> -8 | AG69: =IF(AI69="SI",0,J69) -> 291.37 | AH69: =AG69*AF69 -> -2330.96 | AI69: NO
A70: 2025 | B70: 261 | C70: 45981 | D70: FE000120250003801783 | E70: 45974 | F70: FE000120250000000003801783B/BOLLETTAZIONE MASSIVA Fornitura di energia elettrica | G70: 527.42 | H70: 95.11 | I70: SI | J70: =IF(I70="SI",G70-H70,G70) -> 432.31 | K70: B521B71C55 | L70: 2025 | M70: 5582 | N70: 45975 | O70: AGSM AIM Energia S.p.A. | P70: 02968430237 | R70: 1 | S70: Amministrativa/Finanziaria | T70: 1000202 | U70: 10202 | V70: 10202 | W70: 20 | X70: 2025 | Y70: 279 | Z70: 0 | AA70: 46013 | AB70: 699 | AC70: 46015 | AD70: 46005 | AE70: 46015 | AF70: =AE70-AD70 -> 10 | AG70: =IF(AI70="SI",0,J70) -> 432.31 | AH70: =AG70*AF70 -> 4323.1 | AI70: NO
A71: 2025 | B71: 262 | C71: 45981 | D71: FE000120250003801803 | E71: 45974 | F71: FE000120250000000003801803B/BOLLETTAZIONE MASSIVA Fornitura di energia elettrica | G71: 748.07 | H71: 134.9 | I71: SI | J71: =IF(I71="SI",G71-H71,G71) -> 613.17 | K71: B521B71C55 | L71: 2025 | M71: 5581 | N71: 45975 | O71: AGSM AIM Energia S.p.A. | P71: 02968430237 | R71: 1 | S71: Amministrativa/Finanziaria | T71: 1000202 | U71: 10202 | V71: 10202 | W71: 29 | X71: 2025 | Y71: 281 | Z71: 0 | AA71: 46013 | AB71: 698 | AC71: 46015 | AD71: 46005 | AE71: 46015 | AF71: =AE71-AD71 -> 10 | AG71: =IF(AI71="SI",0,J71) -> 613.17 | AH71: =AG71*AF71 -> 6131.7 | AI71: NO
A72: 2025 | B72: 265 | C72: 45987 | D72: 1/19 | E72: 45985 | F72: Incarico membro esperto Legge 18/1994 2025-2026-2027 | G72: 253.76 | H72: 45.76 | I72: NO | J72: =IF(I72="SI",G72-H72,G72) -> 253.76 | K72: B7F9569E01 | L72: 2025 | M72: 5793 | N72: 45986 | O72: Navillod Carlo arch. | P72: 01053520076 | Q72: NVLCRL66S08A326M | R72: 2 | S72: Tecnico/Manutentiva | T72: 1000402 | U72: 10402 | V72: 10402 | W72: 28 | X72: 2025 | Y72: 185 | Z72: 0 | AB72: 668 | AC72: 46003 | AD72: 46016 | AE72: 46006 | AF72: =AE72-AD72 -> -10 | AG72: =IF(AI72="SI",0,J72) -> 253.76 | AH72: =AG72*AF72 -> -2537.6 | AI72: NO
A73: 2025 | B73: 266 | C73: 45994 | D73: FATTPA 209_25 | E73: 45989 | F73: SERVIZIO DI GESTIONE DELL'UFFICIO TURISTICO DI CHAMOIS_PERIODO 01/10/2025-31/01/2026 | G73: 2013 | H73: 363 | I73: SI | J73: =IF(I73="SI",G73-H73,G73) -> 1650 | K73: B76A26A707 | L73: 2025 | M73: 5941 | N73: 45993 | O73: ENJOY EVENTS srl | P73: 01102380076 | Q73: 01102380076 | R73: 1 | S73: Amministrativa/Finanziaria | T73: 1000202 | U73: 10202 | V73: 10202 | W73: 27 | X73: 2025 | Y73: 202 | Z73: 0 | AA73: 46013 | AB73: 700 | AC73: 46015 | AD73: 46023 | AE73: 46015 | AF73: =AE73-AD73 -> -8 | AG73: =IF(AI73="SI",0,J73) -> 1650 | AH73: =AG73*AF73 -> -13200 | AI73: NO
A74: 2025 | B74: 271 | C74: 45996 | D74: 8 | E74: 45995 | F74: Fattura di vendita | G74: 2500 | H74: 450.82 | I74: NO | J74: =IF(I74="SI",G74-H74,G74) -> 2500 | K74: B51E0BCA03 | L74: 2025 | M74: 6017 | N74: 45995 | O74: LAVOYER Nicole ( dott. commercialista) | P74: 01191190071 | Q74: LVYNCL88E52A326S | R74: 1 | S74: Amministrativa/Finanziaria | T74: 1000202 | U74: 10202 | V74: 10202 | W74: 2 | X74: 2025 | Y74: 291 | Z74: 0 | AB74: 666 | AC74: 46003 | AD74: 46025 | AE74: 46006 | AF74: =AE74-AD74 -> -19 | AG74: =IF(AI74="SI",0,J74) -> 2500 | AH74: =AG74*AF74 -> -47500 | AI74: NO
A75: 2025 | B75: 272 | C75: 45996 | D75: 57 | E75: 45988 | F75: PRANZO DI RAPPRESENTANZA DEL 21.11.2025 PER GEMELLAGGIO CON PANTELLERIA NUM. 6 PERSONE | G75: 160 | H75: 14.55 | I75: SI | J75: =IF(I75="SI",G75-H75,G75) -> 145.45 | K75: B93663B74B | L75: 2025 | M75: 6000 | N75: 45995 | O75: DUCLY Davide D.I. | P75: 01238060071 | Q75: DCLDVD99E29L219Z | R75: 1 | S75: Amministrativa/Finanziaria | T75: 1000102 | U75: 10102 | V75: 10102 | W75: 1 | X75: 2025 | Y75: 232 | Z75: 0 | AA75: 46008 | AB75: 691 | AC75: 46009 | AD75: 46025 | AE75: 46010 | AF75: =AE75-AD75 -> -15 | AG75: =IF(AI75="SI",0,J75) -> 145.45 | AH75: =AG75*AF75 -> -2181.75 | AI75: NO
A76: 2025 | B76: 274 | C76: 45996 | D76: 1025265825 | E76: 45995 | F76: 30069645-002 | G76: 4.95 | H76: 0 | I76: NO | J76: =IF(I76="SI",G76-H76,G76) -> 4.95 | K76: Z01392D4FF | L76: 2025 | M76: 6018 | N76: 45995 | O76: POSTE ITALIANE SPA | P76: 01114601006 | Q76: 97103880585 | R76: 1 | S76: Amministrativa/Finanziaria | T76: 1000202 | U76: 10202 | V76: 10202 | W76: 2 | X76: 2025 | Y76: 339 | Z76: 0 | AA76: 46008 | AB76: 694 | AC76: 46009 | AD76: 46025 | AE76: 46010 | AF76: =AE76-AD76 -> -15 | AG76: =IF(AI76="SI",0,J76) -> 4.95 | AH76: =AG76*AF76 -> -74.25 | AI76: NO
A77: 2025 | B77: 276 | C77: 46002 | D77: 2/66 | E77: 45986 | F77: GUIDA BIENNALE CARTACEA VERDE VALLE D'AOSTA DI Touring Club Italiano + CAMPAGNA FACEBOOK | G77: 1000.4 | H77: 180.4 | I77: SI | J77: =IF(I77="SI",G77-H77,G77) -> 820 | K77: B7F960A2E1 | L77: 2025 | M77: 6057 | N77: 45997 | O77: PROGETTO SRL | P77: 01403510223 | Q77: 01403510223 | R77: 1 | S77: Amministrativa/Finanziaria | T77: 1000202 | U77: 10202 | V77: 10202 | W77: 28 | X77: 2025 | Y77: 186 | Z77: 0 | AA77: 46008 | AB77: 695 | AC77: 46009 | AD77: 46026 | AE77: 46010 | AF77: =AE77-AD77 -> -16 | AG77: =IF(AI77="SI",0,J77) -> 820 | AH77: =AG77*AF77 -> -13120 | AI77: NO
A78: 2025 | B78: 277 | C78: 46003 | D78: 250201042670 | E78: 46001 | G78: 91.97 | H78: 0 | I78: SI | J78: =IF(I78="SI",G78-H78,G78) -> 91.97 | L78: 2025 | M78: 6141 | N78: 46002 | O78: FINAOSTA - FINANZIARIA REGIONALE VALLE D'AOSTA | P78: 00415280072 | Q78: 00415280072 | R78: 1 | S78: Amministrativa/Finanziaria | T78: 1000204 | U78: 10204 | V78: 10204 | W78: 1 | X78: 2025 | Y78: 68 | Z78: 0 | AA78: 46008 | AB78: 692 | AC78: 46009 | AD78: 46032 | AE78: 46010 | AF78: =AE78-AD78 -> -22 | AG78: =IF(AI78="SI",0,J78) -> 91.97 | AH78: =AG78*AF78 -> -2023.34 | AI78: NO
A79: 2025 | B79: 277 | C79: 46003 | D79: 250201042670 | E79: 46001 | G79: 3644.02 | H79: 0 | I79: SI | J79: =IF(I79="SI",G79-H79,G79) -> 3644.02 | L79: 2025 | M79: 6141 | N79: 46002 | O79: FINAOSTA - FINANZIARIA REGIONALE VALLE D'AOSTA | P79: 00415280072 | Q79: 00415280072 | R79: 1 | S79: Amministrativa/Finanziaria | T79: 3000203 | U79: 30203 | V79: 30203 | W79: 1 | X79: 2025 | Y79: 69 | Z79: 0 | AA79: 46008 | AB79: 693 | AC79: 46009 | AD79: 46032 | AE79: 46010 | AF79: =AE79-AD79 -> -22 | AG79: =IF(AI79="SI",0,J79) -> 3644.02 | AH79: =AG79*AF79 -> -80168.44 | AI79: NO
AF81: TOTALI FATTURE: | AG81: =SUBTOTAL(9,AG7:AG79) -> 367453.39 | AH81: =SUBTOTAL(9,AH7:AH79) -> 152198.92
AF82: IND. TEMPESTIVITA' FATTURE: | AH82: =IF(AG81<>0,AH81/AG81,0) -> 0.41419925

Sheet MandatiTempi
A1: Comune di Chamois
A3: Tempestività dei Pagamenti - Elenco Mandati senza Fatture - Periodo 01/10/2025 - 31/12/2025
A5: Dati Fattura | K5: Calcolo
A6: Numero Mandato | B6: Data Mandato | C6: Creditore | D6: Causale Mandato | E6: Provvedimento Impegno | F6: Area Gestione | G6: Codice CIG | H6: Codice Siope | I6: Descrizione Siope | J6: Importo Mandato | K6: Data Scadenza (A) | L6: Data Pagamento (B) | M6: Differenza giorni (C=B-A) | N6: Importo Fattura (D) | O6: Indicatore Fattura (E=C X D)
A7: 516 | B7: 45938 | C7: Unité des Communes Valdotaines Mont-Cervin | D7: Scheda n.10 - Rsu - 30% | J7: 15500.4 | L7: 45938 | M7: =IF(K7<>"",L7-K7,0) -> 0 | N7: 15500.4 | O7: =IF(K7<>"",N7*M7,0) -> 0 | P7: =IF(K7<>"",N7,0) -> 0
A8: 517 | B8: 45938 | C8: Unité des Communes Valdotaines Mont-Cervin | D8: Scheda n.11 - Servizio tributi - 60% | J8: 5721.6 | L8: 45938 | M8: =IF(K8<>"",L8-K8,0) -> 0 | N8: 5721.6 | O8: =IF(K8<>"",N8*M8,0) -> 0 | P8: =IF(K8<>"",N8,0) -> 0
A9: 526 | B9: 45945 | C9: TORACCA Roberto | D9: COMPONENTI SEGGIO ELEZIONI REGIONALI E COMUNALI 28 SETTEMBRE - PRESIDENTE | J9: 187 | L9: 45945 | M9: =IF(K9<>"",L9-K9,0) -> 0 | N9: 187 | O9: =IF(K9<>"",N9*M9,0) -> 0 | P9: =IF(K9<>"",N9,0) -> 0
A10: 527 | B10: 45945 | C10: LANTERNA LAURA | D10: COMPONENTI SEGGIO ELEZIONI REGIONALI E COMUNALI 28 SETTEMBRE - VICE PRESIDENTE | J10: 148 | L10: 45945 | M10: =IF(K10<>"",L10-K10,0) -> 0 | N10: 148 | O10: =IF(K10<>"",N10*M10,0) -> 0 | P10: =IF(K10<>"",N10,0) -> 0
A11: 528 | B11: 45945 | C11: RIGOLLET ANGELA | D11: COMPONENTI SEGGIO ELEZIONI REGIONALI E COMUNALI 28 SETTEMBRE - SCRUTATORE | J11: 148 | L11: 45945 | M11: =IF(K11<>"",L11-K11,0) -> 0 | N11: 148 | O11: =IF(K11<>"",N11*M11,0) -> 0 | P11: =IF(K11<>"",N11,0) -> 0
A12: 529 | B12: 45945 | C12: REVIL IVANA | D12: COMPONENTI SEGGIO ELEZIONI REGIONALI E COMUNALI 28 SETTEMBRE - SCRUTATORE | J12: 148 | L12: 45945 | M12: =IF(K12<>"",L12-K12,0) -> 0 | N12: 148 | O12: =IF(K12<>"",N12*M12,0) -> 0 | P12: =IF(K12<>"",N12,0) -> 0
A13: 530 | B13: 45945 | C13: LUBRINI PATRICK | D13: COMPONENTI SEGGIO ELEZIONI REGIONALI E COMUNALI 28 SETTEMBRE - SEGRETARIO | J13: 148 | L13: 45945 | M13: =IF(K13<>"",L13-K13,0) -> 0 | N13: 148 | O13: =IF(K13<>"",N13*M13,0) -> 0 | P13: =IF(K13<>"",N13,0) -> 0
A14: 532 | B14: 45945 | C14: GSE SPA - Gestore dei Servizi Energetici S.p.A. | D14: Pagamento Fatt. n. 2025033106 del 13/05/2025; n. 2025033644 del 23/05/2025 | J14: 13.2 | L14: 45945 | M14: =IF(K14<>"",L14-K14,0) -> 0 | N14: 13.2 | O14: =IF(K14<>"",N14*M14,0) -> 0 | P14: =IF(K14<>"",N14,0) -> 0
A15: 540 | B15: 45947 | C15: NEXY PAYMENT SPA | D15: COMMISSIONI | J15: 5.19 | L15: 45947 | M15: =IF(K15<>"",L15-K15,0) -> 0 | N15: 5.19 | O15: =IF(K15<>"",N15*M15,0) -> 0 | P15: =IF(K15<>"",N15,0) -> 0
A16: 553 | B16: 45952 | C16: NAVILLOD GIAN MARIO | D16: Servizio di escursioni invernali. - Mese di: OTTOBRE | J16: 1200 | L16: 45952 | M16: =IF(K16<>"",L16-K16,0) -> 0 | N16: 1200 | O16: =IF(K16<>"",N16*M16,0) -> 0 | P16: =IF(K16<>"",N16,0) -> 0
A17: 555 | B17: 45952 | C17: Unité des Communes Valdotaines Mont-Cervin | D17: LIQUIDAZIONE SCHEDA FUNZIONAMENTO SALDO 2025 | J17: 480 | L17: 45952 | M17: =IF(K17<>"",L17-K17,0) -> 0 | N17: 480 | O17: =IF(K17<>"",N17*M17,0) -> 0 | P17: =IF(K17<>"",N17,0) -> 0
A18: 557 | B18: 45952 | C18: Unité des Communes Valdotaines Mont-Cervin | D18: LIQUIDAZIONE SCHEDA FUNZIONAMENTO SALDO 2025 | J18: 6092.4 | L18: 45952 | M18: =IF(K18<>"",L18-K18,0) -> 0 | N18: 6092.4 | O18: =IF(K18<>"",N18*M18,0) -> 0 | P18: =IF(K18<>"",N18,0) -> 0
... A62: 705 | B62: 46015 | C62: FOPADIVA/FONDOMAIN | D62: Pagamento Fatt. n. Atto 295 - 2025/258 del 24/12/2025 - SANZIONE PER RITARDATO PAGAMENTO I TRIM 2025 | J62: 30.67 | L62: 46015 | M62: =IF(K62<>"",L62-K62,0) -> 0 | N62: 30.67 | O62: =IF(K62<>"",N62*M62,0) -> 0 | P62: =IF(K62<>"",N62,0) -> 0
M64: TOTALI MANDATI: | N64: =SUBTOTAL(9,P7:P62) -> 0 | O64: =SUBTOTAL(9,O7:O62) -> 0
M65: IND. TEMPESTIVITA' MANDATI: | O65: =IF(N64<>0,O65/N65,0) -> 0
M67: TOTALI FATTURE: | N67: =FattureTempi!AG81 -> 367453.39 | O67: =FattureTempi!AH81 -> 152198.92
M68: IND. TEMPESTIVITA' FATTURE: | O68: =FattureTempi!AH82 -> 0.41419925
M70: TOTALI FINALI | N70: =N67+N64 -> 367453.39 | O70: =O67+O64 -> 152198.92
M71: IND. TEMPESTIVITA' FINALE: | O71: =(O70/N70) -> 0.41419925

Sheet IndicatoreRiduzioneDebitoCR
A3: Indicatore di Riduzione del Debito Commerciale Residuo
A5: Indicatore di Riduzione del Debito Commerciale Residuo | C5: RISPETTATO | E5: =IF(OR(L13="SI",L15="SI"),"SI","NO") -> SI | N5: Rispettato se (1) o (2) è uguale a SI
A7: Ammontare Complessivo dei Debiti 2020 (STOCK - 1) | C7: =Debiti!G6 -> 0 | E7: (*) Importo Complessivo dei Debiti al Netto dell'Iva | N7: *Vedi dettaglio nel foglio Debiti
A9: Importo Totale Fatture dell'Anno (LORDO) | C9: =ElencoFatture!O6 -> 0 | E9: 5% dell'Importo Totale delle Fatture | F9: 5 % fatture | G9: =C9/100*5 -> 0
A10: Importo Totale Fatture dell'Anno (IVA) | C10: =ElencoFatture!O7 -> 0
A11: Importo Totale Fatture dell'Anno (NETTO) | C11: =ElencoFatture!O8 -> 0 | E11: 5% dell'Importo Totale delle Fatture | G11: =C11/100*5 -> 0 | N11: *Vedi dettaglio nel foglio ElencoFatture
A13: Importo Totale Fatture dell'Anno | C13: =C11 -> 0 | E13: 5% dell'Importo Totale delle Fatture | G13: =C13/100*5 -> 0 | I13: (STOCK - 1) <= 5 % dell'Importo delle fatture | L13: =IF(ROUND(C7,2)<=ROUND(G13,2),"SI","NO") -> SI | N13: (1)
A15: Ammontare Complessivo dei Debiti 2019 (STOCK - 2) | C15: 0 | E15: Rapporto Stock (R) = (STOCK - 1) / (STOCK - 2) | G15: =IF(OR(C15=0, C15="0,00"),0,C7/C15) -> 0 | I15: (R) <= 0,90 | L15: =IF(G15<=0.9,"SI","NO") -> SI | N15: (2)
A18: L’algoritmo per il calcolo dell’indicatore di riduzione del debito è il seguente:
A19: - calcoliamo l’ammontare dello stock di debiti commerciali residui scaduti e non pagati alla fine dell’esercizio precedente, che chiameremo STOCK-1;
A20: - se STOCK-1 è minore o uguale al 5% del totale delle fatture ricevute nell’esercizio precedente:
A21: o l’indicatore individua un caso da non sanzionare sotto il profilo della mancata riduzione del debito pregresso e si passa ad elaborare l’indicatore di ritardo annuale dei pagamenti;
A22: - altrimenti (STOCK-1 maggiore del 5% del totale fatture):
A23: o calcoliamo l’ammontare dello stock di debiti commerciali residui scaduti e non pagati alla fine del secondo esercizio precedente, che chiameremo STOCK-2;
A24: o calcoliamo il rapporto dei due importi R=(STOCK-1)/(STOCK-2)
A25: > se R <= 0,9 allora l’indicatore individua un caso da non sanzionare sotto il profilo della mancata riduzione del debito pregresso e si passa ad elaborare il ritardo annuale dei pagamenti;
A26: > se R > 0,9 allora l’indicatore fa scattare l’obbligo di accantonamento per mancata riduzione del debito pregresso secondo la quota massima del 5%.
A27: (Da Nota IFEL del 21/11/2019)

Sheet Debiti
A3: Ammontare Complessivo dei Debiti e Numero Imprese Creditrici
A5: Ammontare Complessivo dei Debiti | G5: 0
A6: Numero Imprese Creditrici | G6: 0
A8: Registrazione | D8: Documento | M8: Protocollo | P8: Creditore | S8: Area Gestione | U8: Capitolo di Bilancio | Y8: Impegno | AB8: Liquidazione | AC8: Scadenza
A9: Anno | B9: Progr. | C9: Data | D9: Numero | E9: Data | F9: Descrizione | G9: Importo Fattura | H9: IVA | I9: Scissione Pagamenti | J9: Importo Dovuto | K9: CIG | L9: Identificativo SDI | M9: Anno | N9: Numero | O9: Data | P9: Ragione Sociale | Q9: Partita IVA | R9: Codice Fiscale | S9: Codice | T9: Descrizione | U9: Codice | V9: Voce | W9: Capitolo | X9: Articolo | Y9: Anno | Z9: Numero | AA9: Sub | AB9: Data | AC9: Data Scadenza

Sheet ElencoFatture
A3: Indicatore di Riduzione del Debito Residuo - Elenco Fatture dell'Anno
A5: Importi TOTALI | J5: Importi CALCOLO
C6: Importo Totale Fatture dell'Anno (LORDO) | H6: 0 | J6: Importo Totale Fatture dell'Anno (LORDO) | O6: 0
C7: Importo Totale Fatture dell'Anno (IVA SPLIT PAYMENT) | H7: 0 | J7: Importo Totale Fatture dell'Anno (IVA SPLIT PAYMENT) | O7: 0
C8: Importo Totale Fatture dell'Anno (NETTO IVA SPLIT PAYMENT) | H8: =H6-H7 -> 0 | J8: Importo Totale Fatture dell'Anno (NETTO SPLIT PAYMENT) | O8: 0
A10: Vengono visualizzate tutte le Fatture Acquisto la cui data PEC (in altrnativa se non valorizzata Data Protocollo o Data Registrazione) è del 2020
A11: Registrazione | C11: Documento | J11: Creditore | M11: Calcolo
A12: Anno | B12: Numero Movimento | C12: Numero | D12: Data | E12: Stato Fattura (I / L / P) | F12: Descrizione | G12: CIG | H12: Importo Fattura | I12: IVA | J12: Ragione Sociale | K12: Partita IVA | L12: Data PEC / Data Protocollo/ Data Registrazione | M12: Importo Fattura | N12: Importo IVA | O12: Importo Calcolo | P12: ESCLUDI DAL CALCOLO | Q12: Scissione Pagamenti
